PBL
BROCKTON ROX @ COLUMBUS REDS
09/08/2044
 
TOP OF THE 1ST
Brockton Rox batting - Pitching for Columbus Reds : RHP Dave Baber
Pitching: RHP Dave Baber
Batting: RHB Sal Rivera 0-0: Called Strike
0-1: Foul Ball, location: 2F
0-2: Strikes out looking
Batting: LHB John Buff 0-0: Called Strike
0-1: Called Strike
0-2: Ball
1-2: Strikes out looking
Batting: RHB Jim Hubbard 0-0: Ground out 4-3 (Groundball, 4, EV 103.8 MPH)
Top of the 1st over - 0 runs, 0 hits, 0 errors, 0 left on base; Brockton 0 - Columbus 0
BOTTOM OF THE 1ST
Columbus Reds batting - Pitching for Brockton Rox : RHP Ryuhei Shimabukuro
Pitching: RHP Ryuhei Shimabukuro
Batting: RHB Alex de Leon 0-0: Ball
1-0: Ball
2-0: Ball
3-0: Base on Balls
Batting: LHB Keith Egan 0-0: Ball
1-0: SINGLE (Line Drive, 6D, EV 101.3 MPH)
Alex de Leon to second
Batting: RHB Pat McCoy 0-0: Ball
1-0: Called Strike
1-1: Foul Ball, location: 2F
1-2: Foul Ball, location: 2F
1-2: Ground out 5-3 (Groundball, 56S, EV 70.6 MPH)
Alex de Leon to third
Keith Egan to second
Batting: LHB Chris Redhead 0-0: 3-RUN HOME RUN (Flyball, 9LD, EV 94.4 MPH), Distance : 347 ft
Batting: RHB R.J. Romberg 0-0: Swinging Strike
0-1: Ball
1-1: Foul Ball, location: 2F
1-2: Foul Ball, location: 2F
1-2: Ball
2-2: Fly out, F7 (Line Drive, 7D, EV 91.9 MPH)
Batting: LHB Tim Kirk 0-0: Ball
1-0: Foul Ball, location: 2F
1-1: Ball
2-1: Ball
3-1: Called Strike
3-2: Base on Balls
Batting: RHB Sang-ton Pak 0-0: Called Strike
0-1: Ball
1-1: Called Strike
1-2: Ball
2-2: Foul Ball, location: 2F
2-2: Strikes out swinging
Bottom of the 1st over - 3 runs, 2 hits, 0 errors, 1 left on base; Brockton 0 - Columbus 3
TOP OF THE 2ND
Brockton Rox batting - Pitching for Columbus Reds : RHP Dave Baber
Batting: LHB Carlos Guerra 0-0: Ball
1-0: Fly out, F8 (Flyball, 8RXD, EV 97.5 MPH)
Batting: LHB Danny Montoya 0-0: Ball
1-0: Swinging Strike
1-1: SINGLE (Groundball, 4MD, EV 105.0 MPH)
Batting: LHB Aaron Brannon 0-0: Ball
1-0: Foul Ball, location: 2F
1-1: Fly out, F8 (Line Drive, 8LD, EV 95.0 MPH)
Batting: RHB Alex Melendez 0-0: Foul Ball, location: 2F
0-1: Foul Ball, location: 2F
0-2: Foul Ball, location: 2F
0-2: Foul Ball, location: 2F
0-2: Strikes out swinging
Top of the 2nd over - 0 runs, 1 hit, 0 errors, 1 left on base; Brockton 0 - Columbus 3
BOTTOM OF THE 2ND
Columbus Reds batting - Pitching for Brockton Rox : RHP Ryuhei Shimabukuro
Batting: RHB Fred Barbour 0-0: SINGLE (Groundball, 34D, EV 96.9 MPH)
Batting: RHB Alex Villagomez 0-0: DOUBLE (Line Drive, 78D, EV 108.8 MPH)
Fred Barbour to third
Batting: RHB Alex de Leon 0-0: Ball
1-0: SINGLE (Line Drive, 9S, EV 95.0 MPH)
Fred Barbour scores
Alex Villagomez to third
Batting: LHB Keith Egan 0-0: Ball
1-0: Called Strike
1-1: Ball
2-1: Fly out, F4 (Line Drive, 4, EV 63.8 MPH)
Batting: RHB Pat McCoy 0-0: Called Strike
0-1: Ball
1-1: Ball
2-1: Foul Ball, location: 2F
2-2: Ball
3-2: Strikes out looking
Alex de Leon is caught stealing 2nd base 2-4
Batter strikes out.
Bottom of the 2nd over - 1 run, 3 hits, 0 errors, 1 left on base; Brockton 0 - Columbus 4
TOP OF THE 3RD
Brockton Rox batting - Pitching for Columbus Reds : RHP Dave Baber
Batting: RHB Travis Campbell 0-0: Called Strike
0-1: Ball
1-1: Foul Ball, location: 2F
1-2: Strikes out looking
Batting: RHB Mike Griffin 0-0: Called Strike
0-1: Swinging Strike
0-2: Ball
1-2: Ball
2-2: Fly out, F5 (Popup, 56S, EV 66.9 MPH)
Batting: RHB Sal Rivera 0-0: Called Strike
0-1: Swinging Strike
0-2: Foul Ball, location: 2F
0-2: Strikes out swinging
Top of the 3rd over - 0 runs, 0 hits, 0 errors, 0 left on base; Brockton 0 - Columbus 4
BOTTOM OF THE 3RD
Columbus Reds batting - Pitching for Brockton Rox : RHP Ryuhei Shimabukuro
Batting: LHB Chris Redhead 0-0: Foul Ball, location: 2F
0-1: Fly out, F9 (Flyball, 9LS, EV 91.3 MPH)
Batting: RHB R.J. Romberg 0-0: Called Strike
0-1: Foul Ball, location: 2F
0-2: Strikes out swinging
Batting: LHB Tim Kirk 0-0: Ball
1-0: Ball
2-0: Ball
3-0: Called Strike
3-1: Fly out, F6 (Line Drive, 6, EV 71.3 MPH)
Bottom of the 3rd over - 0 runs, 0 hits, 0 errors, 0 left on base; Brockton 0 - Columbus 4
TOP OF THE 4TH
Brockton Rox batting - Pitching for Columbus Reds : RHP Dave Baber
Batting: LHB John Buff 0-0: Called Strike
0-1: Ball
1-1: Ball
2-1: SINGLE (Groundball, 34D, EV 99.4 MPH)
Batting: RHB Jim Hubbard 0-0: Ball
1-0: Ball
2-0: Called Strike
2-1: Called Strike
2-2: Foul Ball, location: 2F
2-2: Strikes out looking
Batting: LHB Carlos Guerra 0-0: Called Strike
0-1: Foul Ball, location: 2F
0-2: Strikes out looking
Batting: LHB Danny Montoya 0-0: Ball
1-0: Foul Ball, location: 2F
1-1: DOUBLE (Line Drive, 7LM, EV 100.0 MPH)
John Buff to third
Batting: LHB Aaron Brannon 0-0: Called Strike
0-1: Called Strike
0-2: Ball
1-2: Fly out, F8 (Flyball, 8RD, EV 89.4 MPH)
Top of the 4th over - 0 runs, 2 hits, 0 errors, 2 left on base; Brockton 0 - Columbus 4
BOTTOM OF THE 4TH
Columbus Reds batting - Pitching for Brockton Rox : RHP Ryuhei Shimabukuro
Batting: RHB Sang-ton Pak 0-0: Ball
1-0: Called Strike
1-1: Ball
2-1: Foul Ball, location: 2F
2-2: Fly out, F7 (Flyball, 7S, EV 93.1 MPH)
Batting: RHB Fred Barbour 0-0: Ball
1-0: Ball
2-0: Foul Ball, location: 2F
2-1: Called Strike
2-2: Strikes out swinging, 2-3 out at first.
Batting: RHB Alex Villagomez 0-0: Called Strike
0-1: Ball
1-1: Ball
2-1: Foul Ball, location: 2F
2-2: Ground out 6-3 (Groundball, 6S, EV 85.6 MPH)
Bottom of the 4th over - 0 runs, 0 hits, 0 errors, 0 left on base; Brockton 0 - Columbus 4
TOP OF THE 5TH
Brockton Rox batting - Pitching for Columbus Reds : RHP Dave Baber
Batting: RHB Alex Melendez 0-0: Ball
1-0: Ball
2-0: Ball
3-0: Called Strike
3-1: Foul Ball, location: 2F
3-2: Base on Balls
Batting: RHB Travis Campbell 0-0: Ball
1-0: Foul Ball, location: 2F
1-1: Ball
2-1: Foul Ball, location: 2F
2-2: Hit by Pitch
Alex Melendez to second
Pitching: RHP Brian Trejo
Batting: RHB Mike Griffin 0-0: Ball
1-0: Ball
2-0: Called Strike
2-1: Called Strike
2-2: Foul Ball, location: 2F
2-2: Strikes out swinging
Batting: RHB Sal Rivera 0-0: 3-RUN HOME RUN (Flyball, 7D, EV 100.0 MPH), Distance : 384 ft
Batting: LHB John Buff 0-0: Ball
1-0: Ball
2-0: Called Strike
2-1: Fly out, F1 (Line Drive, P, EV 62.5 MPH)
Batting: RHB Jim Hubbard 0-0: Ball
1-0: Called Strike
1-1: Called Strike
1-2: Strikes out swinging, 2-3 out at first.
Top of the 5th over - 3 runs, 1 hit, 0 errors, 0 left on base; Brockton 3 - Columbus 4
BOTTOM OF THE 5TH
Columbus Reds batting - Pitching for Brockton Rox : RHP Ryuhei Shimabukuro
Batting: RHB Alex de Leon 0-0: Swinging Strike
0-1: Called Strike
0-2: Ball
1-2: Foul Ball, location: 2F
1-2: Ground out 6-3 (Groundball, 6, EV 84.4 MPH)
Batting: LHB Keith Egan 0-0: Ball
1-0: Ground out 2-3 (Groundball, 15S, EV 65.6 MPH)
Batting: RHB Pat McCoy 0-0: Foul Ball, location: 2F
0-1: Ball
1-1: Ball
2-1: Ball
3-1: Base on Balls
Batting: LHB Chris Redhead 0-0: Foul Ball, location: 2F
0-1: Ball
1-1: Ball
2-1: Foul Ball, location: 2F
2-2: Ground out U3 (Groundball, 34S, EV 68.8 MPH)
Bottom of the 5th over - 0 runs, 0 hits, 0 errors, 1 left on base; Brockton 3 - Columbus 4
TOP OF THE 6TH
Brockton Rox batting - Pitching for Columbus Reds : RHP Brian Trejo
Batting: LHB Carlos Guerra 0-0: Ball
1-0: Ball
2-0: Ball
3-0: Called Strike
3-1: Fly out, F8 (Flyball, 8RD, EV 109.4 MPH)
Batting: LHB Danny Montoya 0-0: Ball
1-0: Swinging Strike
1-1: Called Strike
1-2: Strikes out swinging
Batting: LHB Aaron Brannon 0-0: Ball
1-0: Foul Ball, location: 2F
1-1: Foul Ball, location: 2F
1-2: Foul Ball, location: 2F
1-2: Foul Ball, location: 2F
1-2: Strikes out looking
Top of the 6th over - 0 runs, 0 hits, 0 errors, 0 left on base; Brockton 3 - Columbus 4
BOTTOM OF THE 6TH
Columbus Reds batting - Pitching for Brockton Rox : RHP Ryuhei Shimabukuro
Pitching: RHP Josiah Russell
Batting: RHB R.J. Romberg 0-0: Ball
1-0: Called Strike
1-1: Foul Ball, location: 2F
1-2: Fly out, F9 (Flyball, 9D, EV 106.9 MPH)
Batting: LHB Tim Kirk 0-0: Called Strike
0-1: Fly out, F9 (Line Drive, 9S, EV 112.5 MPH)
Batting: RHB Sang-ton Pak 0-0: Ball
1-0: Foul Ball, location: 2F
1-1: Ball
2-1: Ball
3-1: Called Strike
3-2: Strikes out swinging
Bottom of the 6th over - 0 runs, 0 hits, 0 errors, 0 left on base; Brockton 3 - Columbus 4
TOP OF THE 7TH
Brockton Rox batting - Pitching for Columbus Reds : RHP Brian Trejo
Batting: RHB Alex Melendez 0-0: Fly out, F7 (Flyball, 7D, EV 106.9 MPH)
Batting: RHB Travis Campbell 0-0: Called Strike
0-1: Ball
1-1: Ball
2-1: Foul Ball, location: 2F
2-2: Ball
3-2: Strikes out swinging
Batting: RHB Mike Griffin 0-0: Ball
1-0: Ball
2-0: Ball
3-0: Base on Balls
Batting: RHB Sal Rivera 0-0: Called Strike
Mike Griffin steals 2nd base
0-1: Ball
1-1: Ball
2-1: TRIPLE (Flyball, 78XD, EV 110.6 MPH)
Mike Griffin scores
Batting: LHB John Buff 0-0: Ball
1-0: Ball
2-0: Ball
3-0: Base on Balls
Pinch Hitting: LHB Miguel Maymi 0-0: Ball
1-0: Called Strike
1-1: SINGLE (Line Drive, 5D, EV 99.4 MPH)
Sal Rivera scores
John Buff to second
Batting: LHB Carlos Guerra 0-0: Ball
1-0: Ball
2-0: Ball
3-0: Base on Balls
John Buff to third
Miguel Maymi to second
Batting: LHB Danny Montoya 0-0: Called Strike
0-1: Foul Ball, location: 2F
0-2: Ball
1-2: Foul Ball, location: 2F
1-2: Hit by Pitch
John Buff scores
Miguel Maymi to third
Carlos Guerra to second
Pitching: RHP Elijah Benton
Batting: LHB Aaron Brannon 0-0: Ball
1-0: Called Strike
1-1: Hit by Pitch
Miguel Maymi scores
Carlos Guerra to third
Danny Montoya to second
Batting: RHB Alex Melendez 0-0: Fly out, F7 (Flyball, 7LM, EV 91.9 MPH)
Top of the 7th over - 4 runs, 2 hits, 0 errors, 3 left on base; Brockton 7 - Columbus 4
BOTTOM OF THE 7TH
Columbus Reds batting - Pitching for Brockton Rox : RHP Josiah Russell
Now in LF: Ted Emmerich
Batting: RHB Fred Barbour 0-0: Ball
1-0: Called Strike
1-1: Called Strike
1-2: Foul Ball, location: 2F
1-2: Foul Ball, location: 2F
1-2: Strikes out looking
Batting: RHB Alex Villagomez 0-0: Foul Ball, location: 2F
0-1: Ball
1-1: Called Strike
1-2: Foul Ball, location: 2F
1-2: Strikes out swinging
Batting: RHB Alex de Leon 0-0: Called Strike
0-1: Fly out, F7 (Flyball, 7S, EV 95.0 MPH)
Bottom of the 7th over - 0 runs, 0 hits, 0 errors, 0 left on base; Brockton 7 - Columbus 4
TOP OF THE 8TH
Brockton Rox batting - Pitching for Columbus Reds : RHP Elijah Benton
Batting: RHB Travis Campbell 0-0: Called Strike
0-1: Ball
1-1: SINGLE (Groundball, 6MS, EV 70.6 MPH) (infield hit)
Batting: RHB Mike Griffin 0-0: Sac Bunt to 15S - play at first, batter OUT! 1-3
Travis Campbell to second
Batting: RHB Sal Rivera 0-0: Swinging Strike
0-1: Ball
1-1: Ball
Balk!
Travis Campbell to third
2-1: Ball
3-1: Base on Balls
Batting: LHB John Buff 0-0: SINGLE (Line Drive, 56D, EV 101.3 MPH)
Travis Campbell scores
Sal Rivera to second
Batting: RHB Ted Emmerich 0-0: Ball
1-0: Called Strike
1-1: Ball
Sal Rivera steals 3rd base
2-1: Ball
3-1: Foul Ball, location: 2F
3-2: Fly out, F7 (Flyball, 7LD, EV 91.3 MPH)
Runner from 3rd tags up, SCORES, no throw by LF
Batting: LHB Carlos Guerra 0-0: Ball
1-0: Ball
2-0: Ball
3-0: Base on Balls
John Buff to second
Batting: LHB Danny Montoya 0-0: Called Strike
0-1: SINGLE (Groundball, 3D, EV 95.0 MPH)
John Buff to third
Carlos Guerra to second
Runner from 3rd tries for Home, SAFE, throw by RF to home
Batting: LHB Aaron Brannon 0-0: Foul Ball, location: 2F
0-1: Called Strike
0-2: Ball
1-2: Ball
2-2: Foul Ball, location: 2F
2-2: 3-RUN HOME RUN (Flyball, 9LD, EV 97.5 MPH), Distance : 354 ft
Batting: RHB Alex Melendez 0-0: Foul Ball, location: 2F
0-1: Hit by Pitch
Batting: RHB Travis Campbell 0-0: 2-RUN HOME RUN (Flyball, 9LD, EV 91.9 MPH), Distance : 342 ft
Pitching: RHP Kyle Vance
Batting: RHB Mike Griffin 0-0: Foul Ball, location: 2F
0-1: Ball
1-1: Ball
2-1: Fly out, F7 (Flyball, 7LM, EV 101.9 MPH)
Top of the 8th over - 8 runs, 5 hits, 0 errors, 0 left on base; Brockton 15 - Columbus 4
BOTTOM OF THE 8TH
Columbus Reds batting - Pitching for Brockton Rox : RHP Josiah Russell
Batting: LHB Keith Egan 0-0: Called Strike
0-1: Foul Ball, location: 2F
0-2: Foul Ball, location: 2F
0-2: Ground out U3 (Groundball, 3L, EV 95.0 MPH)
Batting: RHB Pat McCoy 0-0: Foul Ball, location: 2F
0-1: Foul Ball, location: 2F
0-2: Ball
1-2: Ball
2-2: SOLO HOME RUN (Flyball, 7D, EV 97.5 MPH), Distance : 384 ft
Batting: LHB Chris Redhead 0-0: Called Strike
0-1: Fly out, F7 (Flyball, 78D, EV 104.4 MPH)
Batting: RHB R.J. Romberg 0-0: Ball
1-0: SINGLE (Flyball, 78S, EV 90.6 MPH)
Batting: LHB Tim Kirk 0-0: Ground out 1-3 (Groundball, 34S, EV 68.8 MPH)
Bottom of the 8th over - 1 run, 2 hits, 0 errors, 1 left on base; Brockton 15 - Columbus 5
TOP OF THE 9TH
Brockton Rox batting - Pitching for Columbus Reds : RHP Kyle Vance
Batting: RHB Sal Rivera 0-0: Ball
1-0: Ball
2-0: Foul Ball, location: 2F
2-1: Called Strike
2-2: Foul Ball, location: 2F
2-2: Strikes out swinging
Batting: LHB John Buff 0-0: Ball
1-0: Ball
2-0: Ground out 6-3 (Groundball, 6M, EV 110.6 MPH)
Pinch Hitting: RHB Bakhtiar Asadov 0-0: Called Strike
0-1: Ball
1-1: Called Strike
1-2: Strikes out swinging
Top of the 9th over - 0 runs, 0 hits, 0 errors, 0 left on base; Brockton 15 - Columbus 5
BOTTOM OF THE 9TH
Columbus Reds batting - Pitching for Brockton Rox : RHP Josiah Russell
Pitching: LHP Jon Convery
Now in LF: Bakhtiar Asadov
Batting: RHB Sang-ton Pak 0-0: Called Strike
0-1: Ball
1-1: Foul Ball, location: 2F
1-2: Foul Ball, location: 2F
1-2: Strikes out swinging
Batting: RHB Fred Barbour 0-0: Called Strike
0-1: Foul Ball, location: 2F
0-2: Ball
1-2: Foul Ball, location: 2F
1-2: Ball
2-2: Foul Ball, location: 2F
2-2: Strikes out looking
Batting: RHB Alex Villagomez 0-0: Called Strike
0-1: Ball
1-1: Ball
2-1: Swinging Strike
2-2: Ball
3-2: Strikes out looking
Bottom of the 9th over - 0 runs, 0 hits, 0 errors, 0 left on base; Brockton 15 - Columbus 5
Thursday, March 31st , 2022 - OOTP Baseball 22.12 Build 89